 Dungeon Crawl Stone Soup version 0.19-a0-1608-g4cf22de (webtiles) character file.

3127 4thArraOfDagon the Grappler (level 9, -5/80 HPs)
             Began as a Troll Monk on Sept 17, 2016.
             Was a Priest of Sif Muna.
             Slain by a river rat (9 damage)
             ... on level 11 of the Dungeon.
             The game lasted 00:11:31 (2310 turns).

4thArraOfDagon the Grappler (Troll Monk)            Turns: 2310, Time: 00:11:32

Health: -5/80      AC:  6    Str: 21    XL:     9   Next: 61%
Magic:  10/10      EV:  9    Int:  9    God:    Sif Muna [***...]
Gold:   285        SH: 10    Dex: 12    Spells: 1 memorised, 6 levels left

rFire  + . .     SeeInvis .       - Unarmed
rCold  + . .     Gourm    +     a - +0 robe
rNeg   . . .     Faith    .     d - +0 shield
rPois  .         Spirit   .     (helmet restricted)
rElec  .         Dismiss  .     r - +0 cloak
rCorr  .         Reflect  .     (gloves unavailable)
MR     .....     Harm     .     (boots unavailable)
Stlth  +.........               (no amulet)
                                u - ring of protection from cold
                                m - ring of protection from fire

@: drained
A: unfitting armour, claws 3, fast metabolism 3, gourmand, regeneration 1,
shaggy fur 1, tough skin 2
a: Divine Energy, Channel Magic, Renounce Religion


You were on level 11 of the Dungeon.
You worshipped Sif Muna.
Sif Muna was most pleased with you.
You were very full.

You visited 2 branches of the dungeon, and saw 13 of its levels.
You also visited: Ossuary.

You collected 285 gold pieces.

Inventory:

Missiles
 f - 5 large rocks (quivered)
Armour
 a - a +0 robe (worn)
 d - a +0 shield (worn)
 r - a +0 cloak (worn)
Jewellery
 m - a ring of protection from fire (left claw)
 u - a ring of protection from cold (right claw)
Wands
 t - a wand of enslavement (16/24)
 y - a wand of confusion (28/48)
Scrolls
 c - a scroll of noise {unknown}
 e - 5 scrolls of remove curse {unknown}
 i - a scroll of silence {unknown}
 j - 2 scrolls of teleportation {unknown}
 k - a scroll of enchant weapon {unknown}
 n - a scroll of immolation {unknown}
 s - 2 scrolls of amnesia {unknown}
 x - a scroll of random uselessness {unknown}
 C - a scroll of blinking {unknown}
Potions
 l - 3 potions of curing
 o - 2 potions of berserk rage {unknown}
 p - 2 potions of heal wounds
 q - a potion of magic
 v - 2 potions of cancellation
 w - a potion of ambrosia {unknown}
 z - a potion of mutation {unknown}
 A - 3 potions of might {unknown}
 B - a potion of resistance {unknown}
 D - a potion of flight {unknown}
Comestibles
 b - 7 bread rations
 g - 5 meat rations
 h - a royal jelly


   Skills:
 - Level 2.4(2.3) Fighting
 - Level 2.4(2.3) Dodging
 - Level 1.1 Stealth
 + Level 5.8 Shields
 * Level 10.7(10.6) Unarmed Combat
 + Level 1.5(1.4) Spellcasting
 * Level 2.7 Transmutations


You had 6 spell levels left.
You knew the following spells:

 Your Spells              Type           Power        Failure   Level  Hunger
a - Alistair's Intoxicat  Tmut/Pois      #.......     100%        5    ######.


Dungeon Overview and Level Annotations

Branches:
Dungeon (12/15)            Temple (1/1) D:4
   Lair: D:8-11         Orc: D:9-12

Altars:
Ashenzari
Dithmenos
Elyvilon
Fedhas
Gozag
Hepliaklqana
Kikubaaqudgha
Makhleb
Okawaru
Qazlal
Ru
Sif Muna
Trog
Uskayaw
Vehumet
Xom
Yredelemnul
Zin
The Shining One

Shops:
D:7 *

Annotations:
D:10 Snorg


Innate Abilities, Weirdness & Mutations

You are too large for most types of armour.
You have claws for hands.
Your metabolism is lightning-fast.
You like to eat raw meat.
Your natural rate of healing is unusually fast.
You are covered in fur. (AC +1)
You have very tough skin. (AC +2)


Message History

The crocodile is moderately wounded.
The crocodile bites you.
You closely miss the crocodile.
The crocodile is moderately wounded.
The crocodile closely misses you.
You mangle the crocodile!!
You kill the crocodile!
Sif Muna accepts your kill. The porcupine bites you!
Items here: $ ) [ †† a scimitar; a robe; 5 gold pieces; a crocodile corpse; a river rat corpse You are struck by the porcupine's spines.
You closely miss the porcupine. The porcupine closely misses you.
You block the river rat's attack.
You are struck by the porcupine's spines.
* * * LOW HITPOINT WARNING * * *
You barely miss the porcupine. The porcupine bites you!
* * * LOW HITPOINT WARNING * * *
The river rat bites you!
You die...

#... ..P #z. #...# ..♣
#z. #...# #.# #.. #...#
#.# #.. ####...######.#
#..
..............#######..
.......................
#rr..............>
#@####..######.... #.#
#..# #.... . #.# #..#
#.... .. ..# #..# #....
###...
...####..######..÷.
......
###.................
....#
#.......#####.....
....# #...{...# #..###
....# #.#####.# #..#


You could see a porcupine and a river rat.

Vanquished Creatures
  A hill giant (D:10)
  A cyclops (D:11)
  2 wyverns
  A hungry ghost (D:7)
  Duvessa (D:7)
  A black bear (D:10)
  2 ogres (D:4)
  A crocodile (D:11)
  An elf zombie (Ossuary)
  3 bullfrogs
  Dowan (D:7)
  A wight (D:11)
  2 crimson imps
  A bullfrog zombie (D:5)
  6 centaur zombies (Ossuary)
  2 hounds
  6 orc priests
  A jelly (D:9)
  5 human zombies (Ossuary)
  A centaur skeleton (D:4)
  2 iguanas
  An orc wizard (D:8)
  5 worker ants
  A hound zombie (D:11)
  3 mummies (Ossuary)
  3 gnolls (D:4)
  A howler monkey skeleton (D:10)
  A river rat (D:11)
  3 adders
  4 worms
  13 orcs
  A ball python (D:4)
  A giant cockroach (D:2)
  A hobgoblin (D:2)
  2 jackals (D:11)
  A quokka (D:6)
  A bat (D:3)
  4 frilled lizards
  A goblin (D:2)
  2 goblin zombies (D:7)
  5 kobolds
  A leopard gecko zombie (D:5)
97 creatures vanquished.

Vanquished Creatures (others)
  An iguana (D:7)
  A bush (D:11)
  3 fungi (D:11)
  5 plants (D:11)
10 creatures vanquished.

Grand Total: 107 creatures vanquished

Notes
Turn   | Place    | Note
-------+----------+-------------------------------------------
     0 | D:1      | 4thArraOfDagon the Troll Monk began the quest for the Orb.
     0 | D:1      | Reached XP level 1. HP: 22/22 MP: 0/0
    75 | D:2      | Reached XP level 2. HP: 26/29 MP: 1/1
   138 | D:2      | Reached skill level 1 in Shields
   181 | D:3      | Reached XP level 3. HP: 28/36 MP: 2/2
   184 | D:3      | Found a hide-covered altar of Uskayaw.
   225 | D:3      | Found a shimmering altar of Xom.
   227 | D:3      | Found a burning altar of Makhleb.
   231 | D:3      | Reached skill level 4 in Unarmed Combat
   308 | D:4      | Found a staircase to the Ecumenical Temple.
   317 | Temple   | Entered the Ecumenical Temple
   415 | Temple   | Became a worshipper of Sif Muna the Loreminder
   415 | Temple   | Reached * piety under Sif Muna
   415 | Temple   | Reached ** piety under Sif Muna
   430 | D:4      | Noticed an ogre
   436 | D:4      | Killed an ogre
   436 | D:4      | Reached XP level 4. HP: 9/44 MP: 3/3
   475 | D:4      | Reached skill level 5 in Unarmed Combat
   475 | D:4      | Reached XP level 5. HP: 33/50 MP: 4/4
   691 | D:4      | Reached XP level 6. HP: 41/59 MP: 5/5
   704 | D:4      | Reached skill level 6 in Unarmed Combat
   738 | D:3      | Found a stormy altar of Qazlal.
   738 | D:3      | Found a glowing golden altar of the Shining One.
   817 | D:5      | Entered Level 5 of the Dungeon
  1051 | D:6      | Reached XP level 7. HP: 66/66 MP: 6/6
  1092 | D:7      | Noticed Duvessa
  1095 | D:7      | Noticed Dowan
  1100 | D:7      | Killed Duvessa
  1100 | D:7      | Reached skill level 7 in Unarmed Combat
  1172 | D:7      | Found a sand-covered staircase.
  1182 | Ossuary  | Entered an ossuary
  1285 | Ossuary  | Reached skill level 8 in Unarmed Combat
  1316 | Ossuary  | Reached XP level 8. HP: 62/74 MP: 7/7
  1374 | D:7      | Found Amuahib's Elemental Accessories.
  1472 | D:7      | Reached skill level 9 in Unarmed Combat
  1492 | D:7      | Killed Dowan
  1624 | D:8      | Reached skill level 5 in Shields
  1754 | D:10     | Entered Level 10 of the Dungeon
  1800 | D:10     | Learned a level 5 spell: Alistair's Intoxication
  1823 | D:10     | Reached skill level 10 in Unarmed Combat
  1857 | D:10     | Reached XP level 9. HP: 70/80 MP: 8/8
  1865 | D:10     | Noticed a hill giant
  1877 | D:10     | Killed a hill giant
  1877 | D:10     | Reached skill level 1 in Spellcasting
  1877 | D:10     | Reached skill level 1 in Transmutations
  1982 | D:10     | Noticed Snorg
  2086 | D:11     | Noticed a cyclops
  2113 | D:11     | Killed a cyclops
  2113 | D:11     | Reached *** piety under Sif Muna
  2200 | D:11     | Noticed an eight-headed hydra
  2212 | D:11     | Noticed an orc knight
  2229 | D:12     | Noticed a hill giant
  2231 | D:12     | Noticed a skeletal warrior
  2231 | D:12     | Noticed a skeletal warrior
  2234 | D:12     | Noticed a skeletal warrior
  2237 | D:12     | Noticed a skeletal warrior
  2310 | D:11     | HP: 4/80 [porcupine (14)]
  2310 | D:11     | Slain by a river rat

Vault maps used:
D:1:      dpeg_arrival_short_road
D:3:      cheibriados_altar_1, eat_drink_and_be_merry_uskayaw,
          nicolae_overflow_hidden_temple
D:4:      first_bread
D:6:      serial_shops, shop, xom_redecorated, uniq_blork_the_orc
D:7:      enter_ossuary_4, nicolae_elemental_shop, uniq_duvessa,
          uniq_crazy_yiuf_cottage
D:8:      kennysheep_mini, hangedman_pestilent_swarm, minmay_misc_feat_cross
D:9:      minmay_st_funbox
D:10:     serial_shops, shop, uniq_nergalle, uniq_snorg, uniq_grum
D:11:     minmay_lair_entry_grove, orc_david_3
D:12:     basic_altar, minmay_three_doors, uniq_maurice, uniq_psyche,
          uniq_azrael
Temple:   dpeg_chambers_temple
Ossuary:  ossuary_minmay_four_chambers

Skill      XL: |  1  2  3  4  5  6  7  8  9 |
---------------+----------------------------+-----
Shields        | 1 2 3 4 5 |  5.8
Unarmed Combat | 4 5 6 8 10 | 10.7
Spellcasting   | 1 |  1.5
Transmutations | 2 |  2.7
Fighting       | |  2.4
Dodging        | |  2.4
Stealth        | |  1.1

Action                   |  1- 3 |  4- 6 |  7- 9 || total
-------------------------+-------+-------+-------++-------
Melee: Unarmed           |    58 |   103 |   247 ||   408
Throw: Large rock        |       |       |     1 ||     1
Evoke: Wand              |       |       |     4 ||     4
  Use: Scroll            |       |     3 |     3 ||     6
       Potion            |       |       |     1 ||     1
 Stab: Confused          |       |       |     2 ||     2
  Eat: Chunk             |       |    13 |    16 ||    29
Armor: Robe              |    25 |    22 |    37 ||    84
Dodge: Dodged            |    26 |    18 |    46 ||    90
Block: Shield            |    35 |    28 |    84 ||   147
